CCBL
BREWSTER WHITECAPS @ COTUIT KETTLEERS
03/30/2060
 
TOP OF THE 1ST
Brewster Whitecaps batting - Pitching for Cotuit Kettleers : RHP R.J. Muse
Pitching: RHP R.J. Muse
Batting: LHB Bubba Castaneda 0-0: Ball
1-0: Foul Ball, location: 2F
1-1: Fly out, F8 (Flyball, 78M, EV 76.2 MPH)
Batting: RHB Logan Novak 0-0: Called Strike
0-1: Ball
1-1: Ground out 1-3 (Groundball, 23, EV 68.1 MPH)
Batting: SHB Jayson Mitchell 0-0: Called Strike
0-1: Ball
1-1: Foul Ball, location: 2F
1-2: Ball
2-2: Strikes out looking
Top of the 1st over - 0 runs, 0 hits, 0 errors, 0 left on base; Brewster 0 - Cotuit 0
BOTTOM OF THE 1ST
Cotuit Kettleers batting - Pitching for Brewster Whitecaps : RHP Arthur Braddy
Pitching: RHP Arthur Braddy
Batting: RHB Jared Sadler 0-0: Ball
1-0: Ball
2-0: Ball
3-0: Called Strike
3-1: Foul Ball, location: 2F
3-2: Ground out 6-3 (Groundball, 6, EV 101.2 MPH)
Batting: LHB Loren Frank 0-0: Ball
1-0: Called Strike
1-1: Foul Ball, location: 2F
1-2: Foul Ball, location: 2F
1-2: Foul Ball, location: 2F
1-2: Ground out 6-3 (Groundball, 6, EV 101.9 MPH)
Batting: RHB Tate Brown 0-0: SINGLE (Line Drive, 89S, EV 101.2 MPH)
Batting: RHB Kris Lingenfelter 0-0: Ball
1-0: SINGLE (Line Drive, 3D, EV 108.1 MPH)
Tate Brown to second
Batting: LHB Landen Ostrander 0-0: Called Strike
0-1: Ball
1-1: Called Strike
1-2: Ball
2-2: Fly out, F9 (Flyball, 9D, EV 100.0 MPH)
Bottom of the 1st over - 0 runs, 2 hits, 0 errors, 2 left on base; Brewster 0 - Cotuit 0
TOP OF THE 2ND
Brewster Whitecaps batting - Pitching for Cotuit Kettleers : RHP R.J. Muse
Batting: RHB Andy Lurie 0-0: Swinging Strike
0-1: Called Strike
0-2: Foul Ball, location: 2F
0-2: Ball
1-2: DOUBLE (Groundball, 5L, EV 97.5 MPH)
Batting: RHB Alfonso Bustillos 0-0: Called Strike
0-1: Foul Ball, location: 2F
0-2: Foul Ball, location: 2F
0-2: Strikes out swinging
Batting: LHB Blake Meyer 0-0: Ball
1-0: Ball
2-0: Called Strike
2-1: Called Strike
2-2: Fly out, F8 (Flyball, 89XD, EV 109.4 MPH)
Batting: SHB Taylor Harp 0-0: Ball
1-0: Called Strike
1-1: Ball
2-1: Ball
3-1: Foul Ball, location: 2F
3-2: Fly out, F9 (Flyball, 9, EV 84.4 MPH)
Top of the 2nd over - 0 runs, 1 hit, 0 errors, 1 left on base; Brewster 0 - Cotuit 0
BOTTOM OF THE 2ND
Cotuit Kettleers batting - Pitching for Brewster Whitecaps : RHP Arthur Braddy
Batting: RHB Henry Barron 0-0: Called Strike
0-1: Foul Ball, location: 2F
0-2: Ball
1-2: SINGLE (Line Drive, 6MD, EV 94.4 MPH)
Batting: RHB Cody Hense 0-0: Swinging Strike
0-1: Swinging Strike
0-2: Strikes out swinging
Batting: RHB Devin Daniell 0-0: Fly out, F7 (Flyball, 78S, EV 93.1 MPH)
Batting: RHB Jamie Mays 0-0: Ball
1-0: Ball
2-0: Foul Ball, location: 2F
2-1: Foul Ball, location: 2F
2-2: Strikes out swinging
Bottom of the 2nd over - 0 runs, 1 hit, 0 errors, 1 left on base; Brewster 0 - Cotuit 0
TOP OF THE 3RD
Brewster Whitecaps batting - Pitching for Cotuit Kettleers : RHP R.J. Muse
Batting: LHB Deonta Christopher 0-0: Ball
1-0: Swinging Strike
1-1: Swinging Strike
1-2: Fly out, F8 (Flyball, 78D, EV 98.1 MPH)
Batting: RHB Jayvin Chavez 0-0: Ground out 6-3 (Groundball, 6, EV 101.2 MPH)
Batting: LHB Bubba Castaneda 0-0: Called Strike
0-1: Foul Ball, location: 2F
0-2: Ball
1-2: Strikes out looking
Top of the 3rd over - 0 runs, 0 hits, 0 errors, 0 left on base; Brewster 0 - Cotuit 0
BOTTOM OF THE 3RD
Cotuit Kettleers batting - Pitching for Brewster Whitecaps : RHP Arthur Braddy
Batting: RHB Jared Sadler 0-0: Ground out 6-3 (Groundball, 6D, EV 108.8 MPH)
Batting: LHB Loren Frank 0-0: Ball
1-0: Ball
2-0: Called Strike
2-1: Swinging Strike
2-2: Ball
3-2: Foul Ball, location: 2F
3-2: Strikes out swinging
Batting: RHB Tate Brown 0-0: Called Strike
0-1: Ball
1-1: Fly out, F9 (Flyball, 9LM, EV 93.1 MPH)
Bottom of the 3rd over - 0 runs, 0 hits, 0 errors, 0 left on base; Brewster 0 - Cotuit 0
TOP OF THE 4TH
Brewster Whitecaps batting - Pitching for Cotuit Kettleers : RHP R.J. Muse
Batting: RHB Logan Novak 0-0: Called Strike
0-1: Swinging Strike
0-2: Ball
1-2: Strikes out swinging
Batting: SHB Jayson Mitchell 0-0: Ball
1-0: Foul Ball, location: 2F
1-1: Foul Ball, location: 2F
1-2: Foul Ball, location: 2F
1-2: Fly out, F9 (Flyball, 9D, EV 106.2 MPH)
Batting: RHB Andy Lurie 0-0: Called Strike
0-1: SINGLE (Line Drive, 3D, EV 101.9 MPH)
Batting: RHB Alfonso Bustillos 0-0: Ball
Andy Lurie is caught stealing 2nd base 2-4
Top of the 4th over - 0 runs, 1 hit, 0 errors, 0 left on base; Brewster 0 - Cotuit 0
BOTTOM OF THE 4TH
Cotuit Kettleers batting - Pitching for Brewster Whitecaps : RHP Arthur Braddy
Batting: RHB Kris Lingenfelter 0-0: Called Strike
0-1: Foul Ball, location: 2F
0-2: Ball
1-2: Ball
2-2: Ground out 4-3 (Groundball, 4S, EV 88.1 MPH)
Batting: LHB Landen Ostrander 0-0: Called Strike
0-1: SINGLE (Line Drive, 7LS, EV 110.6 MPH)
Batting: RHB Henry Barron 0-0: Called Strike
0-1: Ball
1-1: DOUBLE (Flyball, 8LXD, EV 111.2 MPH)
Landen Ostrander to third
Runner from 3rd tries for Home, throw by CF and OUT! 8-6-2
Batting: RHB Cody Hense 0-0: Ball
1-0: Ball
2-0: Foul Ball, location: 2F
2-1: Called Strike
2-2: Fly out, F8 (Flyball, 8LD, EV 83.8 MPH)
Bottom of the 4th over - 0 runs, 2 hits, 0 errors, 1 left on base; Brewster 0 - Cotuit 0
TOP OF THE 5TH
Brewster Whitecaps batting - Pitching for Cotuit Kettleers : RHP R.J. Muse
Batting: RHB Alfonso Bustillos 0-0: Ball
1-0: Hit by Pitch
Batting: LHB Blake Meyer 0-0: Bunted foul
0-1: Bunted foul
0-2: Fly out, F8 (Flyball, 8RD, EV 81.9 MPH)
Batting: SHB Taylor Harp 0-0: Ball
1-0: 2-RUN HOME RUN (Flyball, 9LD, EV 99.4 MPH), Distance : 355 ft
Batting: LHB Deonta Christopher 0-0: Ball
1-0: Foul Ball, location: 2F
1-1: Swinging Strike
1-2: Strikes out looking
Batting: RHB Jayvin Chavez 0-0: Ball
1-0: Called Strike
1-1: Ball
2-1: Ball
3-1: Foul Ball, location: 2F
3-2: Fly out, F9 (Flyball, 89M, EV 88.1 MPH)
Top of the 5th over - 2 runs, 1 hit, 0 errors, 0 left on base; Brewster 2 - Cotuit 0
BOTTOM OF THE 5TH
Cotuit Kettleers batting - Pitching for Brewster Whitecaps : RHP Arthur Braddy
Batting: RHB Devin Daniell 0-0: Called Strike
0-1: Swinging Strike
0-2: Foul Ball, location: 2F
0-2: Ball
1-2: Foul Ball, location: 2F
1-2: Foul Ball, location: 2F
1-2: Strikes out swinging
Batting: RHB Jamie Mays 0-0: Ball
1-0: Called Strike
1-1: Foul Ball, location: 2F
1-2: Strikes out looking
Batting: RHB Jared Sadler 0-0: Ball
1-0: Ball
2-0: Called Strike
2-1: Ball
3-1: Called Strike
3-2: Foul Ball, location: 2F
3-2: DOUBLE (Line Drive, 89D, EV 105.0 MPH)
Batting: LHB Loren Frank 0-0: Called Strike
0-1: Ball
1-1: Ball
2-1: Called Strike
2-2: Ball
3-2: Base on Balls
Batting: RHB Tate Brown 0-0: Ball
1-0: Called Strike
1-1: Ball
2-1: Swinging Strike
2-2: Ball
3-2: Fly out, F6 (Popup, 6D, EV 58.8 MPH)
Bottom of the 5th over - 0 runs, 1 hit, 0 errors, 2 left on base; Brewster 2 - Cotuit 0
TOP OF THE 6TH
Brewster Whitecaps batting - Pitching for Cotuit Kettleers : RHP R.J. Muse
Batting: LHB Bubba Castaneda 0-0: Reached on error, E6 (Groundball, 6, EV 81.9 MPH)
Batting: RHB Logan Novak 0-0: Bunt - Flyout to 2R! F2
Batting: SHB Jayson Mitchell 0-0: Ball
1-0: Foul Ball, location: 2F
1-1: Fly out, F9 (Flyball, 9S, EV 95.6 MPH)
Batting: RHB Andy Lurie 0-0: Called Strike
Bubba Castaneda steals 2nd base (no throw)
0-1: SINGLE (Groundball, 5S, EV 65.6 MPH) (infield hit)
Bubba Castaneda to third
Batting: RHB Alfonso Bustillos 0-0: Ball
1-0: Fielders Choice at 2nd, 5-4 (Groundball, 56, EV 91.2 MPH)
Top of the 6th over - 0 runs, 1 hit, 1 error, 2 left on base; Brewster 2 - Cotuit 0
BOTTOM OF THE 6TH
Cotuit Kettleers batting - Pitching for Brewster Whitecaps : RHP Arthur Braddy
Pitching: RHP Howard Bradshaw
Batting: RHB Kris Lingenfelter 0-0: Foul Ball, location: 2F
0-1: Ball
1-1: Ball
2-1: Called Strike
2-2: Fly out, F7 (Flyball, 78D, EV 93.8 MPH)
Batting: LHB Landen Ostrander 0-0: Ball
1-0: Swinging Strike
1-1: Ball
2-1: Ball
3-1: Base on Balls
Batting: RHB Henry Barron 0-0: Ball
1-0: SINGLE (Line Drive, 8LS, EV 102.5 MPH)
Landen Ostrander to second
Batting: RHB Cody Hense 0-0: Ball
1-0: Called Strike
1-1: Called Strike
1-2: Fly out, F7 (Flyball, 7LM, EV 94.4 MPH)
Batting: RHB Devin Daniell 0-0: Foul Ball, location: 2F
0-1: Ground out 5-3 (Groundball, 56S, EV 84.4 MPH)
Bottom of the 6th over - 0 runs, 1 hit, 0 errors, 2 left on base; Brewster 2 - Cotuit 0
TOP OF THE 7TH
Brewster Whitecaps batting - Pitching for Cotuit Kettleers : RHP R.J. Muse
Batting: LHB Blake Meyer 0-0: Ball
1-0: Foul Ball, location: 2F
1-1: SINGLE (Flyball, 8LS, EV 89.4 MPH)
Pitching: RHP Erik Boyd
Batting: SHB Taylor Harp 0-0: Swinging Strike
0-1: Fielders Choice at 2nd, 5-4 (Groundball, 56, EV 83.1 MPH)
Batting: LHB Deonta Christopher 0-0: Ball
1-0: Ball
2-0: Called Strike
2-1: Fly out, F7 (Line Drive, 7, EV 93.8 MPH)
Batting: RHB Jayvin Chavez 0-0: Ball
1-0: Fielders Choice at 2nd, 6-4 (Groundball, 6, EV 90.6 MPH)
Top of the 7th over - 0 runs, 1 hit, 0 errors, 1 left on base; Brewster 2 - Cotuit 0
BOTTOM OF THE 7TH
Cotuit Kettleers batting - Pitching for Brewster Whitecaps : RHP Howard Bradshaw
Pinch Hitting: LHB Earl Washington 0-0: Ball
1-0: Ball
2-0: Foul Ball, location: 2F
2-1: Ball
3-1: Foul Ball, location: 2F
3-2: Base on Balls
Batting: RHB Jared Sadler 0-0: Ball
1-0: Ball
2-0: Called Strike
2-1: Ball
3-1: Foul Ball, location: 2F
3-2: Fly out, F3 (Line Drive, 3L, EV 67.5 MPH)
Pitching: LHP Joel Cooney
Batting: LHB Loren Frank 0-0: Ball
1-0: Foul Ball, location: 2F
1-1: Ball
2-1: Ball
3-1: Foul Ball, location: 2F
3-2: Fly out, F7 (Flyball, 7, EV 96.2 MPH)
Pitching: RHP Mason Parker
Batting: RHB Tate Brown 0-0: Fly out, F6 (Popup, 15S, EV 85.0 MPH)
Bottom of the 7th over - 0 runs, 0 hits, 0 errors, 1 left on base; Brewster 2 - Cotuit 0
TOP OF THE 8TH
Brewster Whitecaps batting - Pitching for Cotuit Kettleers : RHP Erik Boyd
Pitching: LHP Riley Bryant
Now at SS: Brennan Kopec
Batting: LHB Bubba Castaneda 0-0: Called Strike
0-1: Ball
1-1: Ball
2-1: Foul Ball, location: 2F
2-2: SINGLE (Groundball, 4D, EV 107.5 MPH)
Batting: RHB Logan Novak 0-0: Sac Bunt to 15 - play at first, batter OUT! 1-3
Bubba Castaneda to second
Batting: SHB Jayson Mitchell 0-0: Swinging Strike
0-1: Called Strike
0-2: Foul Ball, location: 2F
0-2: Strikes out swinging
Batting: RHB Andy Lurie 0-0: Ball
1-0: Called Strike
1-1: Ball
2-1: DOUBLE (Line Drive, 5D, EV 102.5 MPH)
Bubba Castaneda scores
Batting: RHB Alfonso Bustillos 0-0: Called Strike
0-1: Ball
1-1: Foul Ball, location: 2F
1-2: Ground out 3-1 (Groundball, 34, EV 84.4 MPH)
Top of the 8th over - 1 run, 2 hits, 0 errors, 1 left on base; Brewster 3 - Cotuit 0
BOTTOM OF THE 8TH
Cotuit Kettleers batting - Pitching for Brewster Whitecaps : RHP Mason Parker
Batting: RHB Kris Lingenfelter 0-0: Ball
1-0: Foul Ball, location: 2F
1-1: Ball
2-1: Ball
3-1: Base on Balls
Batting: LHB Landen Ostrander 0-0: Called Strike
0-1: Ball
1-1: Ball
2-1: Ball
3-1: Fly out, F5 (Popup, 5SF, EV 76.9 MPH)
Batting: RHB Henry Barron 0-0: Grounds into double play, 4-6-3 (Groundball, 4, EV 82.5 MPH)
Bottom of the 8th over - 0 runs, 0 hits, 0 errors, 0 left on base; Brewster 3 - Cotuit 0
TOP OF THE 9TH
Brewster Whitecaps batting - Pitching for Cotuit Kettleers : LHP Riley Bryant
Batting: LHB Blake Meyer 0-0: Swinging Strike
0-1: Foul Ball, location: 2F
0-2: Ball
1-2: Strikes out swinging
Batting: SHB Taylor Harp 0-0: Swinging Strike
0-1: Ball
1-1: Called Strike
1-2: Strikes out swinging
Batting: LHB Deonta Christopher 0-0: Ball
1-0: Foul Ball, location: 2F
1-1: Ball
2-1: Ball
3-1: Foul Ball, location: 2F
3-2: Foul Ball, location: 2F
3-2: Strikes out looking
Top of the 9th over - 0 runs, 0 hits, 0 errors, 0 left on base; Brewster 3 - Cotuit 0
BOTTOM OF THE 9TH
Cotuit Kettleers batting - Pitching for Brewster Whitecaps : RHP Mason Parker
Pitching: RHP Jovany Vilchez
Batting: RHB Cody Hense 0-0: Ball
1-0: Ground out 1-3 (Groundball, P, EV 63.8 MPH)
Pinch Hitting: LHB James Kitts 0-0: Called Strike
0-1: Ball
1-1: SINGLE (Groundball, 34D, EV 105.0 MPH)
Batting: SHB Brennan Kopec 0-0: Fielders Choice at 2nd, 4-6 (Groundball, 4MD, EV 88.1 MPH)
Batting: RHB Jared Sadler 0-0: Ball
1-0: Ball
2-0: Called Strike
2-1: Fly out, F3 (Line Drive, 3, EV 70.0 MPH)
Bottom of the 9th over - 0 runs, 1 hit, 0 errors, 1 left on base; Brewster 3 - Cotuit 0
Wednesday, April 17th , 2024 - OOTP Baseball 23.10 Build 110